Map: Acropolis LE

Players

IIIIIIIIIIII (Firefly)

  • Race: Protoss Protoss
  • League: Master
  • Spawn Location: 11:00

NORTHAMERICA - Winner!

  • Race: Protoss Protoss
  • League: Grandmaster
  • Spawn Location: 5:00

VOD

Have the link to the VOD?

Description

Time

  • Played on: Oct. 16, 2019, 1:52 a.m.
  • Length: 8:03
Show
View Real Time Build Order
Export as new Build Order

IIIIIIIIIIII Protoss 

Build Orders: Phoenix Opening, Zealot Archon 

Get SALT Encoding   

  12  0:11  Probe (Chrono Boost)  
  13  0:20  Pylon  
  14  0:23  Probe (Chrono Boost)  
  14  0:28  Probe (Chrono Boost)  
  15  0:38  Probe  
  16  0:45  Gateway  
  16  0:50  Probe  
  16  0:52  Assimilator  
  17  0:59  Assimilator  
  17  1:02  Probe  
  18  1:14  Gateway  
  18  1:15  Probe (Chrono Boost)  
  20  1:27  Probe (Chrono Boost)  
  20  1:32  Cybernetics Core, Probe (Chrono Boost)  
  20  1:38  Pylon  
  21  1:41  Probe  
  22  1:53  Probe  
  23  2:09  Sentry, Stalker  
  23  2:10  Warp Gate  
  27  2:21  Probe  
  28  2:24  Pylon  
  28  2:35  Nexus  
  28  2:41  Sentry  
  29  2:44  Phoenix, Stalker  
  29  2:48  Probe  
  32  3:00  Probe  
  32  3:04  Pylon  
  33  3:07  Stalker  
  35  3:15  Probe  
  36  3:27  Probe (Chrono Boost)  
  36  3:29  Forge  
  36  3:34  Phoenix  
  37  3:38  Probe (Chrono Boost)  
  37  3:40  Robotics Facility  
  38  3:43  Probe (Chrono Boost)  
  39  3:49  Probe (Chrono Boost)  
  39  3:55  Probe (Chrono Boost)  
  41  3:58  Sentry  
  41  3:59  Probe (Chrono Boost)  
  41  4:01  Probe (Chrono Boost)  
  41  4:02  Protoss Ground Weapons Level 1  
  45  4:04  Probe (Chrono Boost)  
  45  4:08  Probe  
  47  4:11  Phoenix  
  47  4:14  Adept  
  47  4:15  Probe  
  50  4:20  Probe  
  50  4:23  Adept  
  53  4:27  Probe  
  53  4:30  Pylon  
  54  4:32  Probe  
  54  4:33  Observer (Chrono Boost)  
  56  4:39  Probe  
  56  4:43  Pylon  
  56  4:44  Probe  
  58  4:47  Immortal (Chrono Boost), Shield Battery  
  58  4:52  Probe  
  63  4:55  Assimilator  
  63  4:56  Probe  
  63  4:58  Assimilator  
  64  5:04  Twilight Council, Probe  
  65  5:08  Probe  
  65  5:12  Gateway  
  66  5:16  Gateway, Probe  
  67  5:23  Immortal  
  71  5:28  Pylon  
  71  5:46  Charge  
  71  5:48  Templar Archives  
  71  5:53  Gateway  
  71  5:56  Gateway  
  71  5:57  Gateway  
  71  5:59  Gateway  
  71  6:01  Pylon  
  71  6:03  Stargate  
  71  6:10  Phoenix  
  71  6:19  Shield Battery x2  
  71  6:24  Warp Prism (Chrono Boost)  
  69  6:33  Zealot x4  
  77  6:47  Phoenix (Chrono Boost)  
  77  6:50  Zealot  
  81  6:55  Zealot x2  
  81  6:56  Zealot x3  
  81  6:57  High Templar  
  93  7:03  Pylon  
  93  7:04  High Templar  
  94  7:08  Archon  
  93  7:19  Phoenix (Chrono Boost)  
  95  7:29  Zealot x4  
  101  7:35  Zealot x3  
  88  7:38  Phoenix  
  78  7:45  Zealot  
  78  7:50  Zealot x3  
  70  7:54  Zealot  
  56  7:58  Zealot  
Show
View Real Time Build Order
Export as new Build Order

NORTHAMERICA Protoss - Winner!

Build Orders:  

Get SALT Encoding   

  12  0:01  Probe  
  13  0:13  Probe  
  14  0:17  Pylon  
  14  0:25  Probe  
  15  0:37  Gateway, Probe (Chrono Boost)  
  16  0:48  Probe (Chrono Boost), Assimilator  
  17  0:53  Probe (Chrono Boost)  
  17  0:56  Assimilator  
  18  1:03  Probe (Chrono Boost)  
  19  1:10  Gateway  
  19  1:16  Probe (Chrono Boost)  
  20  1:25  Cybernetics Core, Probe (Chrono Boost)  
  21  1:35  Pylon  
  21  1:38  Probe  
  22  1:49  Pylon  
  22  1:50  Probe  
  23  2:02  Probe  
  23  2:03  Sentry  
  23  2:04  Stalker  
  23  2:06  Warp Gate  
  28  2:25  Pylon  
  28  2:30  Stalker  
  28  2:34  Sentry  
  32  2:46  Nexus  
  32  2:52  Pylon  
  32  2:56  Probe (Chrono Boost)  
  33  3:07  Robotics Facility  
  33  3:08  Probe (Chrono Boost)  
  34  3:17  Probe (Chrono Boost)  
  35  3:23  Probe  
  36  3:35  Probe (Chrono Boost)  
  36  3:41  Pylon  
  37  3:46  Probe (Chrono Boost)  
  38  3:50  Probe (Chrono Boost)  
  38  3:52  Immortal (Chrono Boost)  
  43  3:59  Sentry  
  43  4:00  Stalker  
  43  4:02  Probe  
  48  4:03  Probe  
  49  4:18  Probe x2  
  49  4:23  Warp Prism (Chrono Boost)  
  51  4:30  Probe x2  
  55  4:32  Robotics Bay  
  55  4:39  Pylon  
  55  4:42  Probe  
  55  4:44  Probe  
  57  4:47  Assimilator  
  57  4:54  Gateway, Probe  
  57  4:56  Gateway  
  58  5:04  Probe  
  59  5:16  Disruptor (Chrono Boost)  
  59  5:18  Gateway  
  59  5:19  Gateway  
  62  5:23  Gateway  
  62  5:26  Stalker  
  62  5:27  Stalker  
  66  5:36  Pylon  
  66  5:42  Disruptor (Chrono Boost)  
  69  5:50  Zealot x2  
  69  5:51  Pylon  
  69  5:53  Pylon  
  73  5:58  Pylon, Sentry  
  73  6:04  Stalker  
  75  6:15  Adept x3  
  79  6:19  Disruptor x2  
  79  6:24  Zealot x2  
  79  6:25  Zealot  
  85  6:29  Stalker  
  87  6:42  Stalker x3  
  93  6:47  Stalker x2  
  97  7:09  Zealot x2  
  97  7:10  Zealot x3  
  101  7:32  Zealot x3  
  101  7:33  Zealot x4  
  75  7:56  Zealot x2  
  75  7:57  Zealot x5  
Tags
 
Add a new tag
Caveats
  • Supply blocks, unpowered buildings, or Contaminate may cause inaccurate times.
  • Supply counts are checked every 10 seconds.